 Dungeon Crawl Stone Soup version 0.31-a0-986-g5e6e4ef867 (webtiles) character file.

Game seed: 16022222689425580152

966 dialectric the Covert (level 7, -9/54 HPs)
             Began as a Spriggan Berserker on Nov 12, 2023.
             Was an Elder of Trog.
             Mangled by an ice beast (13 damage)
             ... on level 5 of the Dungeon.
             The game lasted 00:07:07 (4745 turns).

dialectric the Covert (Spriggan Berserker)          Turns: 4745, Time: 00:07:08

Health: -9/54      AC:  2    Str: 13    XL:     7   Next: 93%
Magic:  8/8        EV: 20    Int:  8    God:    Trog [****..]
Gold:   142        SH:  0    Dex: 17    Spells: 6/6 levels left

rFire   . . .        o - +3 dagger (elec)
rCold   . . .        (no shield)
rNeg    + . .        b - +0 animal skin
rPois   .            (helmet restricted)
rElec   .            (no cloak)
rCorr   .            (gloves unavailable)
SInv    +            (boots unavailable)
Will    +....        (no amulet)
Stlth   x              - ring of positive energy
HPRegen 0.29/turn    (no ring)
MPRegen 0.11/turn

%: no passive effects
@: berserking, very quick
A: very small, no large weapons, unfitting armour, see invisible, speed 3
a: Renounce Religion, Berserk, Trog's Hand, Brothers in Arms


You were on level 5 of the Dungeon.
You worshipped Trog.
Trog was greatly pleased with you.
You visited 1 branch of the dungeon, and saw 6 of its levels.

You collected 296 gold pieces.
You spent 154 gold pieces at shops.

Inventory:

Hand Weapons
 e - a +0 short sword of protection
 h - a +1 vampiric short sword
 o - a +3 dagger of electrocution (weapon)
 z - a +2 short sword of speed
 C - a +2 dagger of venom
Armour
 b - a +0 animal skin (worn)
 y - the +0 robe of Imperfection {rElec rPois rN++ Dex-4}
   (You found it on level 4 of the Dungeon)

   Dex-4:     It affects your dexterity (-4).
   rElec:     It insulates you from electricity.
   rPois:     It protects you from poison rN++: It greatly protects you from
   negative energy.
 A - a +0 buckler
Jewellery
 x - a ring of positive energy (left hand)
 I - a ring of ice
Talismans
 c - a flux talisman
 B - a beast talisman
Wands
 F - a wand of roots (5)
 G - a wand of paralysis (16)
Scrolls
 a - 2 scrolls of blinking {unknown}
 d - 3 scrolls of teleportation
 g - 3 scrolls of vulnerability
 l - 2 scrolls of silence {unknown}
 n - 2 scrolls of enchant weapon {unknown}
 q - a scroll of summoning {unknown}
 t - a scroll of revelation {unknown}
 u - 2 scrolls of fog {unknown}
 v - a scroll of noise {unknown}
 E - a scroll of amnesia {unknown}
Potions
 i - 2 potions of enlightenment {unknown}
 j - a potion of might
 k - a potion of brilliance {unknown}
 m - 2 potions of mutation {unknown}
 p - 4 potions of heal wounds
 r - 2 potions of invisibility {unknown}
 s - a potion of haste
 w - 3 potions of curing
 H - a potion of berserk rage {unknown}
 J - a potion of lignification


   Skills:
 - Level 3.1 Fighting
 - Level 6.0 Short Blades
 + Level 6.0 Dodging
 * Level 10.2 Stealth


You had 6 spell levels left.
You didn't know any spells.
Your spell library was empty.

Dungeon Overview and Level Annotations

Branches:
Dungeon (6/15)             Temple (0/1) D:4

Altars:
Uskayaw

Shops:
D:2 (::   D:4 !


Innate Abilities, Weirdness & Mutations

You are very small and have problems with some larger weapons.
You are too small for most types of armour.
You have supernaturally acute eyesight. (SInv)
You cover ground extremely quickly. (Speed+++)


Message History

The orc is almost dead.
The orc barely misses you.
You hit the orc.
You kill the orc!
Trog accepts your kill.
You see here a wand of paralysis (4).
G - a wand of paralysis (16) (gained 4 charges)
There is an escape hatch in the ceiling here.
The orc barely misses you.
There is an escape hatch in the ceiling here.
The orc misses you. The ice beast completely misses you.
A mysterious force pulls you upwards. The hatch slams shut behind you.
Unknown command.
You hit the ice beast.
The ice beast is lightly wounded.
The orc completely misses you. The ice beast hits you.
The ice beast freezes you!
A red film seems to cover your vision as you go berserk!
You feel yourself moving faster!
You feel mighty! The orc completely misses you. The ice beast hits you.
The ice beast freezes you.
You puncture the orc!
You kill the orc!
Trog accepts your kill. The ice beast misses you.
You see here a +0 trident.
You hit the ice beast.
The ice beast is moderately wounded.
You closely miss the ice beast.
The ice beast is moderately wounded.
The ice beast hits you. The ice beast freezes you!
* * * LOW HITPOINT WARNING * * *
You barely miss the ice beast.
The ice beast is moderately wounded.
You puncture the ice beast!
The ice beast is heavily wounded.
The ice beast hits you.
* * * LOW HITPOINT WARNING * * *
The ice beast freezes you!
You die...

.#..#...#.....#..##...#......#...
.+..#...#.....#..##...#......#...
.#####(.'.....+..#############...
.....####.:...#..#...............
#.............#..#...............
#.............#..#...............
#.......<.....#..'...............
#.............####...............
..#######.......@................
..# #.......Y.>.............. ..#
######....#'##########... ..#
#....#....#.....#... ..#
#....#....#.....#... ..#
#....#...##.....#... ..#
#....#...##....##... ..#
#....#...##....###'# ..#
#....#...#.........#


You could see an ice beast.

Vanquished Creatures
  Sigmund (D:4)
  An ice beast (D:5)
  3 scorpions
  3 hounds (D:5)
  A gnoll bouda (D:5)
  3 orc wizards (D:5)
  Terence (D:2)
  An iguana (D:5)
  Natasha (twice) (D:4)
  Robin (D:2)
  4 adders
  3 gnolls
  3 white imps
  5 worms
  A dart slug (D:1)
  9 orcs
  11 endoplasms
  5 giant cockroaches
  15 goblins
  12 hobgoblins
  4 jackals (D:2)
  15 kobolds
  5 quokkas
  8 ball pythons
  11 bats
  4 frilled lizards
  7 rats
139 creatures vanquished.

Notes
Turn   | Place    | Note
-------+----------+-------------------------------------------
     0 | D:1      | dialectric the Spriggan Berserker began the quest for the
                  | Orb.
     0 | D:1      | Reached XP level 1. HP: 11/11 MP: 2/2
   180 | D:1      | Reached XP level 2. HP: 14/16 MP: 3/3
   406 | D:1      | Reached skill level 1 in Stealth
   476 | D:1      | Reached ** piety under Trog
   496 | D:1      | Reached XP level 3. HP: 19/19 MP: 4/4
   998 | D:2      | Reached skill level 2 in Stealth
  1085 | D:2      | Noticed Terence
  1107 | D:2      | Killed Terence
  1108 | D:2      | Reached skill level 3 in Stealth
  1108 | D:2      | Reached XP level 4. HP: 23/23 MP: 5/5
  1191 | D:2      | Noticed Robin
  1316 | D:2      | Killed Robin
  1393 | D:2      | Found Neankuymi's Book Shop.
  1456 | D:2      | Found Ceycida's Book Emporium.
  1484 | D:2      | Reached skill level 5 in Dodging
  1515 | D:2      | Reached XP level 5. HP: 21/28 MP: 6/6
  1588 | D:2      | Reached *** piety under Trog
  1786 | D:2      | Found Nyfriuh's Antique Weapon Emporium.
  1791 | D:2      | Found Jodghaerr's Armour Shop.
  1980 | D:3      | Noticed a +0 short sword
  1980 | D:3      | Noticed a +0 spear
  1980 | D:3      | Noticed a +0 dagger
  1980 | D:3      | Noticed a +0 falchion
  1980 | D:3      | Noticed a +0 falchion
  1980 | D:3      | Noticed a +0 spear
  1983 | D:3      | Noticed a +0 dagger
  2211 | D:3      | Reached skill level 4 in Stealth
  2535 | D:3      | Found a hide-covered altar of Uskayaw.
  2536 | D:3      | Noticed a +0 short sword
  2726 | D:4      | Reached skill level 5 in Short Blades
  2778 | D:4      | Noticed Natasha
  2782 | D:4      | Killed Natasha
  2783 | D:4      | Reached skill level 5 in Stealth
  2917 | D:4      | Reached XP level 6. HP: 32/32 MP: 7/7
  2945 | D:4      | Reached **** piety under Trog
  2954 | D:4      | Found Mampituf's Distillery.
  2963 | D:4      | Bought 2 potions of heal wounds for 110 gold pieces
  2968 | D:4      | Noticed Natasha
  2978 | D:4      | Killed Natasha
  3071 | D:4      | Found a staircase to the Ecumenical Temple.
  3227 | D:4      | Noticed Sigmund
  3236 | D:4      | Killed Sigmund
  3237 | D:4      | Reached skill level 7 in Stealth
  3242 | D:4      | Identified the +0 robe of Imperfection {rElec rPois rN++
                  | Dex-4}
  3410 | D:5      | Entered Level 5 of the Dungeon
  3536 | D:5      | Reached XP level 7. HP: 33/36 MP: 8/8
  3708 | D:5      | Reached skill level 8 in Stealth
  3975 | D:5      | Reached skill level 9 in Stealth
  4345 | D:5      | Reached skill level 10 in Stealth
  4661 | D:4      | Bought a potion of degeneration for 11 gold pieces
  4661 | D:4      | Bought a potion of lignification for 33 gold pieces
  4745 | D:5      | Mangled by an ice beast

Illustrated notes

Levels and vault maps discovered:
D:1:      grunt_arrival_lava_bath, layout_loops_corners,
          hangedman_decor_clover_reticule
D:2:      layout_loops_cross, serial_shops, nicolae_shop_tiny_glass, shop,
          shop_statue, shop, minmay_pentomino_w2, uniq_robin, uniq_terence
D:3:      layout_basic, nicolae_uskayaw_en_pointe, minmay_cupped
D:4:      layout_basic, minmay_temple_entry_large_hall, serial_shops, shop,
          minmay_cut_off, uniq_natasha, uniq_sigmund
D:5:      layout_gridville
D:6:      layout_basic, mainiacjoe_overflow_six_doors_small

Skill      XL: |  1  2  3  4  5  6  7 |
---------------+----------------------+-----
Stealth        | 1 3 5 7 10 | 10.2
Short Blades   | 4 5 6 |  6.0
Dodging        | 5 6 |  6.0
Fighting       | 3 |  3.1

Action                     |  1- 3 |  4- 6 |  7- 9 || total
---------------------------+-------+-------+-------++-------
  Melee: Short sword       |   203 |    68 |       ||   271
         Punch             |     4 |     2 |     2 ||     8
         Dagger            |       |   142 |    71 ||   213
 Invoke: Berserk           |     1 |       |     2 ||     3
    Use: Potion            |     1 |       |       ||     1
         Scroll            |       |     1 |     4 ||     5
   Stab: Sleeping          |     7 |    14 |     5 ||    26
         Distracted        |       |     1 |       ||     1
 Armour: Animal skin       |    38 |    43 |    22 ||   103
  Dodge: Dodged            |   149 |   122 |    41 ||   312

Table legend: (Time is in decaauts)
 A = Elapsed time spent in this place.
 B = Non-inter-level travel time spent in this place.
 C = Inter-level travel time spent in this place.
 D = Time resting spent in this place.
 E = Time spent auto-exploring this place.
 F = Levels seen in this place.
 G = Mean time per level.
                   A        B        C        D        E       F      G
               +--------+--------+--------+--------+--------+-----+--------+
         Total |   3263 |   3212 |     51 |     28 |   2263 |   6 |  543.8 |
       Dungeon |   3263 |   3212 |     51 |     28 |   2263 |   6 |  543.8 |
               +--------+--------+--------+--------+--------+-----+--------+

Top non-repeatable levels by time:
     D:5: 903 daAuts
     D:1: 685 daAuts
     D:2: 639 daAuts
     D:4: 562 daAuts
     D:3: 451 daAuts
     D:6: 22 daAuts
